cohdb
Replays
Latest Replays
All Replays
Popular Replays
Top Player Replays
Match Explorer
How It Works
Community
CoH3 Stats
Reddit
Sign in to upload your games and track your stats! →
Sign in with Steam
Reakly vs F3riG
Match 23287100
Overview
Messages
Build Orders
End
Kettenkrad Recon Vehicle
Construct Infanterie Kompanie
Selects Breakthrough Battlegroup
Selects Assault Grenadiers
Grenadier Squad
MG 42 Machine Gun Team
Grenadier Squad
Grenadier Squad
Infanterie Officer Quarters
Construct Luftwaffe Kompanie
221 Scout Car
Flak 30 Anti-aircraft Gun Team
Jäger Squad
Selects Breakthrough
Selects Mechanized Assault Group
Selects Rapid Production
Breakthrough
Mechanized Assault Group
Selects Blitzkrieg
Construct Panzer Kompanie
Panzer IV Medium Tank
Selects Tiger Heavy Tank
Panzer IV Medium Tank
FeriG
Reakly
0
0
Comments
sign in to comment!
No comments posted yet!